AoeStats
← andreipg2017

Arena

510764759Analyzed
1v1 RM · 16h ago on Oct 2, 2026· 38m 4s· 2 players
Game mode
Random Map
Map size
Tiny (2 player)
Population
200
Speed
Normal
Resources
Standard
Victory
Conquest
Starting age
Dark Age
Ending age
Imperial Age
RankedLock teamsTeams togetherTeam positionsShared explorationLock speedFull tech treeHidden civsTurbo modeCheats
Victory
Defeat
🇨🇴 Khmer · Colombia
222
+16
🇪🇸 Varangians · Spain
213
-16
andreipg2017
10:40 Feudal Age
13:14 Double-Bit Axe
15:05 Gold Mining
15:05 Stone Mining
15:29 Forging
15:19 Scale Mail Armor
15:05 Man-at-Arms
21:16 Castle Age
19:06 Horse Collar
21:31 Fletching
27:45 Iron Casting
27:25 Chain Mail Armor
27:15 Scale Barding Armor
29:19 Pikeman
31:55 Chain Barding Armor
31:30 Bodkin Arrow
31:35 Padded Archer Armor
39:31 Imperial Age
DVD7418
11:01 Feudal Age
11:47 Horse Collar
12:13 Double-Bit Axe
17:49 Forging
17:40 Scale Mail Armor
17:46 Scale Barding Armor
20:38 Castle Age
19:14 Wheelbarrow
18:25 Loom
27:07 Gold Mining
31:10 Imperial Age
29:12 Heavy Plow
30:04 Hand Cart
30:40 Bow Saw
31:10 Gold Shaft Mining
34:31 Masonry
34:52 Town Watch
37:56 Elite Ballista Elephant
Connection lost

Rejoining the realm…

Still unreachable

The connection could not be restored.

Session expired

The server has moved on; the page needs a fresh start.